 Dungeon Crawl Stone Soup version 0.22-a0-86-g94e0ad4 (console) character file.

1936 Evablue the Fighter (level 9, -2/97 HPs)
             Began as an Ogre Hunter on Jan 20, 2018.
             Was a Believer of Okawaru.
             Slain by an ice beast (8 damage)
             ... on level 7 of the Dungeon.
             The game lasted 00:22:14 (8413 turns).

Evablue the Fighter (Ogre Hunter)                   Turns: 8413, Time: 00:22:15

Health: -2/97      AC:  5    Str: 18    XL:     9   Next: 18%
Magic:  9/9        EV: 13    Int: 15    God:    Okawaru [**....]
Gold:   261        SH:  0    Dex: 12    Spells: 8/8 levels left

rFire    . . .     SeeInvis .   E - +1 dagger (venom)
rCold    . . .     Gourm    .   (no shield)
rNeg     + . .     Faith    .   L - +1 robe of Honour {rN+ Dex+3 Stlth-}
rPois    .         Spirit   .   (helmet restricted)
rElec    .         Reflect  .   q - +0 cloak
rCorr    .         Harm     .   (gloves unavailable)
MR       .....                  (boots unavailable)
Stlth    ..........             o - amulet of rage
HPRegen  0.26/turn              (no ring)
MPRegen  0.11/turn              (no ring)

@: no status effects
A: large, unfitting armour, tough skin 1
a: Heroism, Renounce Religion, Evoke Berserk Rage


You were on level 7 of the Dungeon.
You worshipped Okawaru.
Okawaru was pleased with you.
You were not hungry.

You visited 2 branches of the dungeon, and saw 8 of its levels.

You collected 261 gold pieces.

Inventory:

Hand Weapons
 y - a +0 blowgun
 A - a +0 giant spiked club
 E - a +1 dagger of venom (weapon)
Missiles
 d - 2 throwing nets
 k - 24 poisoned needles
 v - a large rock (quivered)
 C - 9 tomahawks
 K - 2 needles of sleeping
Armour
 b - a +0 robe
 q - a +0 cloak (worn)
 B - a +2 robe of magic resistance
 L - the +1 robe of Honour (worn) {rN+ Dex+3 Stlth-}
   (You found it on level 6 of the Dungeon)

   It affects your dexterity (+3).
   It protects you from negative energy.
   It makes you less stealthy.
Jewellery
 g - an uncursed amulet of magic regeneration
 o - an amulet of rage (around neck)
 O - an uncursed amulet of guardian spirit
Wands
 w - a wand of paralysis (23)
 G - a wand of scattershot (5)
Scrolls
 c - a scroll of teleportation {unknown}
 i - 2 scrolls of enchant armour {unknown}
 l - a scroll of magic mapping {unknown}
 m - 2 scrolls of immolation {unknown}
 n - 6 scrolls of identify {unknown}
 p - a scroll of blinking {unknown}
 r - a scroll of random uselessness {unknown}
 s - 3 scrolls of remove curse {unknown}
 x - 2 scrolls of enchant weapon {unknown}
 D - a scroll of amnesia {unknown}
 F - a scroll of fog {unknown}
 H - 2 scrolls of fear {unknown}
Potions
 a - a potion of cancellation {unknown}
 e - 3 potions of curing {unknown}
 h - 2 potions of resistance
 j - a potion of might {unknown}
 t - 3 potions of lignification {unknown}
 u - a potion of heal wounds {unknown}
 z - a potion of experience {unknown}
 N - 2 potions of haste {unknown}
 P - a potion of mutation {unknown}
Books
 I - a book of Maledictions

   Spells                             Type                      Level
   a - Corona                         Hexes                        1
   b - Ensorcelled Hibernation        Hexes/Ice                    2
   c - Confuse                        Hexes                        3
   d - Tukima's Dance                 Hexes                        3
   e - Dazzling Spray                 Conjuration/Hexes            3
 J - a book of Callings

   Spells                             Type                      Level
   a - Summon Small Mammal            Summoning                    1
   b - Call Imp                       Summoning                    2
   c - Call Canine Familiar           Summoning                    3
   d - Summon Guardian Golem          Hexes/Summoning              3
   e - Summon Lightning Spire         Summoning/Air                4
   f - Summon Ice Beast               Ice/Summoning                4
 M - a book of Frost

   Spells                             Type                      Level
   a - Freeze                         Ice                          1
   b - Throw Frost                    Conjuration/Ice              2
   c - Ozocubu's Armour               Charms/Ice                   3
   d - Throw Icicle                   Conjuration/Ice              4
   e - Summon Ice Beast               Ice/Summoning                4
Comestibles
 f - 7 rations


   Skills:
 + Level 8.9 Fighting
 * Level 7.4 Throwing
 - Level 7.0 Dodging
 - Level 0.6 Stealth
 - Level 0.2 Evocations


You had 8 spell levels left.
You didn't know any spells.

Dungeon Overview and Level Annotations

Branches:
Dungeon (7/15)             Temple (1/1) D:4

Altars:
Dithmenos
Elyvilon
Hepliaklqana
Kikubaaqudgha
Nemelex Xobeh
Okawaru
Ru
Wu Jian


Innate Abilities, Weirdness & Mutations

You are too large for most types of armour.
You have tough skin. (AC +1)


Message History

* * * LOW HITPOINT WARNING * * *
Throwing (i - inventory. (,) - cycle):
v - 3 large rocks (quivered)
Press: ? - help, Shift-Dir - straight line, f - ice beast
Aim: an ice beast You throw a large rock.
The large rock closely misses the ice beast.
The ice beast hits you.
* * * LOW HITPOINT WARNING * * *
The ice beast freezes you!
* * * LOW HITPOINT WARNING * * *
The ice beast barely misses you.
Throwing (i - inventory. (,) - cycle):
v - 2 large rocks (quivered)
Press: ? - help, Shift-Dir - straight line, f/p - ice beast
Aim: an ice beast You throw a large rock.
The large rock hits the ice beast but does no damage.
The ice beast hits you.
* * * LOW HITPOINT WARNING * * *
The ice beast freezes you!
You die...

#.# #(# #.# #.# #.# #.# #.#
#. #.# #Y# #. #.# ##@##
########
#.###.#####...###......#
#.......##.....##.####.#
#..##.#)###...##...###.#
#..##..#.###.##.....##.###
#..##>###................#
####......#.###.##......###.#
#...#.####.####'###...#.# #.#
#.....# #####...######.###.#


You could see an ice beast.

Vanquished Creatures
  The ghost of marriedatthemol the Digger, an amateur GrEE (D:4)
  A phantom (D:4)
  An orc warrior (D:6)
  An ice beast (D:6)
  2 ogres
  2 centaurs
  2 bullfrogs (D:6)
  A scorpion (D:4)
  A centaur zombie (D:5)
  2 crimson imps (D:6)
  A bullfrog zombie (D:7)
  2 hounds (D:6)
  2 jellies
  3 orc priests
  4 orc wizards
  A centaur skeleton (D:5)
  4 iguanas
  6 worker ants
  A hound skeleton (D:6)
  4 gnolls (D:4)
  7 adders
  A shadow imp (D:5)
  An adder zombie (D:5)
  2 worms (D:3)
  A dart slug (D:1)
  10 leopard geckos
  10 orcs
  10 bats
  8 giant cockroaches
  8 goblins
  15 hobgoblins
  12 jackals
  9 kobolds
  4 quokkas
  5 ball pythons
  10 frilled lizards
  3 leopard gecko skeletons
  A quokka skeleton (D:4)
  11 rats
170 creatures vanquished.

Notes
Turn   | Place    | Note
-------+----------+-------------------------------------------
     0 | D:1      | Evablue the Ogre Hunter began the quest for the Orb.
     0 | D:1      | Reached XP level 1. HP: 22/22 MP: 1/1
    64 | D:1      | Reached XP level 2. HP: 27/29 MP: 2/2
   465 | D:1      | Reached skill level 3 in Fighting
   489 | D:1      | Reached XP level 3. HP: 24/37 MP: 3/3
  1606 | D:2      | Reached XP level 4. HP: 31/45 MP: 4/4
  1698 | D:2      | Reached skill level 5 in Throwing
  2352 | D:2      | Reached XP level 5. HP: 48/54 MP: 5/5
  2478 | D:3      | Reached skill level 4 in Fighting
  3103 | D:3      | Reached XP level 6. HP: 23/65 MP: 6/6
  3604 | D:4      | Noticed marriedatthemol's ghost (amateur GrEE)
  3610 | D:4      | Killed marriedatthemol's ghost
  3610 | D:4      | Reached skill level 5 in Fighting
  3761 | D:4      | Reached XP level 7. HP: 30/72 MP: 7/7
  3911 | D:4      | Paralysed by an orc wizard for 6 turns
  4260 | D:4      | HP: 5/111 [gnoll/halberd (3)]
  4261 | D:4      | HP: 2/111 [gnoll/spear (3)]
  4735 | D:4      | Reached skill level 6 in Fighting
  4865 | D:4      | Reached skill level 5 in Dodging
  5402 | D:4      | Found a staircase to the Ecumenical Temple.
  5413 | Temple   | Entered the Ecumenical Temple
  5426 | Temple   | Became a worshipper of Warmaster Okawaru
  5474 | D:5      | Entered Level 5 of the Dungeon
  5474 | D:5      | Found the +10 Black Knight's horse barding {ponderous, rPois rN+}
  5750 | D:5      | Reached XP level 8. HP: 27/84 MP: 8/8
  6540 | D:5      | Reached skill level 7 in Fighting
  7062 | D:6      | Reached * piety under Okawaru
  7485 | D:6      | Got a colourful robe
  7496 | D:6      | Identified the +1 robe of Honour {rN+ Dex+3 Stlth-} (You found it on level 6 of the Dungeon)
  7598 | D:6      | Reached skill level 8 in Fighting
  7598 | D:6      | Reached XP level 9. HP: 96/96 MP: 6/9
  7846 | D:6      | Reached ** piety under Okawaru
  8413 | D:7      | Slain by an ice beast

Vault maps used:
D:1:      dpeg_arrival_water_temple_mockup
D:2:      serial_forest, infiniplex_forest_clump_small,
          infiniplex_forest_lined_2, infiniplex_forest_clump_small,
          infiniplex_forest_clump_long, infiniplex_forest_clump_large,
          infiniplex_forest_zigzag_2, infiniplex_forest_lined_corner
D:3:      kennysheep_big_flooded_room, first_ration, st_stairs_1
D:4:      temple_hall
D:7:      grunt_decor_mini_mirrors, the_bakery, abandoned_shop,
          kennysheep_okawaru_gauntlet
Temple:   nicolae_temple_the_god_donut

Skill      XL: |  1  2  3  4  5  6  7  8 |
---------------+-------------------------+-----
Fighting       | 3 4 5 6 8 |  8.9
Dodging        | 2 3 4 5 7 |  7.0
Throwing       | 5 6 7 |  7.4
Stealth        | |  0.6
Evocations     | |  0.2

Action                   |  1- 3 |  4- 6 |  7- 9 || total
-------------------------+-------+-------+-------++-------
Melee: Short sword       |   175 |   272 |   272 ||   719
       Dagger            |       |       |   221 ||   221
 Fire: Blowgun           |       |     5 |       ||     5
Throw: Large rock        |     2 |     8 |    20 ||    30
       Tomahawk          |       |       |    11 ||    11
Invok: Heroism           |       |       |     1 ||     1
 Abil: Evoke Berserk Rag |       |     3 |     3 ||     6
 Stab: Sleeping          |     1 |     3 |       ||     4
  Eat: Chunk             |     2 |     6 |    19 ||    27
       Ration            |       |     1 |       ||     1
Armor: Robe              |    62 |    75 |   172 ||   309
Dodge: Dodged            |   123 |   142 |   364 ||   629

Table legend:
 A = Spawn XP
 B = Non-spawn XP
 C = Spawn XP percentage of total XP
 D = Spawn monster count
 E = Non-spawn monster count
 F = Spawn count percentage of total count
 G = Total turns spent on level
                    A         B        C        D         E        F      G
               +---------+---------+-------+---------+---------+-------+---------
         Total |       0 |    2767 |   0.0 |       0 |     170 |   0.0 |  8413
               +---------+---------+-------+---------+---------+-------+---------
           D:1 |       0 |      49 |   0.0 |       0 |      28 |   0.0 |  1071
           D:2 |       0 |     116 |   0.0 |       0 |      35 |   0.0 |  1421
           D:3 |       0 |     186 |   0.0 |       0 |      33 |   0.0 |  1134
           D:4 |       0 |     858 |   0.0 |       0 |      33 |   0.0 |  2260
           D:5 |       0 |     479 |   0.0 |       0 |      17 |   0.0 |   978
           D:6 |       0 |     913 |   0.0 |       0 |      18 |   0.0 |  1264
           D:7 |       0 |     166 |   0.0 |       0 |       6 |   0.0 |   266
               +---------+---------+-------+---------+---------+-------+---------
